 Dungeon Crawl Stone Soup version 0.19-a0-1489-ga782747 (webtiles) character file.

378 Grim the Twirler (level 6, -5/44 HPs)
             Began as a Mummy Gladiator on Sept 8, 2016.
             Was an Initiate of Makhleb.
             Slain by Prince Ribbit (9 damage)
             ... on level 5 of the Dungeon.
             The game lasted 00:13:12 (4498 turns).

Grim the Twirler (Mummy Gladiator)                  Turns: 4498, Time: 00:13:13

Health: -5/44      AC:  8    Str: 19    XL:     6   Next: 45%
Magic:  6/6        EV: 12    Int:  7    God:    Makhleb [......]
Gold:   177        SH:  6    Dex: 14    Spells: 0 memorised, 5 levels left

rFire  x x .     SeeInvis .     a - +0 quarterstaff
rCold  + + .     Gourm    .     b - +1 leather armour
rNeg   + + +     Faith    .     (shield currently unavailable)
rPois  ∞         Spirit   .     c - +0 helmet
rElec  .         Dismiss  .     o - +2 cloak
rCorr  .         Reflect  +     (no gloves)
MR     .....     Harm     .     (no boots)
Stlth  ++........               n - +6 amulet of reflection
                                j - ring of stealth
                                g - ring of ice

@: no status effects
A: no food or potions, fire vulnerability, cold resistance 1, negative energy
resistance 3, torment resistance, unbreathing
a: Renounce Religion


You were on level 5 of the Dungeon.
You worshipped Makhleb.
Makhleb was noncommittal.
You were not hungry.

You visited 1 branch of the dungeon, and saw 5 of its levels.

You collected 177 gold pieces.

Inventory:

Hand Weapons
 a - a +0 quarterstaff (weapon)
 t - a +0 blowgun
Missiles
 s - a curare-tipped needle
 u - 18 poisoned needles
Armour
 b - a +1 leather armour (worn)
 c - a +0 helmet (worn)
 o - a +2 cloak (worn)
Jewellery
 g - a ring of ice (left hand)
 j - a ring of stealth (right hand)
 l - an uncursed amulet of dismissal
 n - a +6 amulet of reflection (around neck)
Wands
 r - a wand of polymorph (5/24)
Scrolls
 f - 2 scrolls of noise
 h - 2 scrolls of recharging
 i - a scroll of immolation
 k - 5 scrolls of enchant weapon
 m - 2 scrolls of random uselessness
 q - a scroll of fog
Books
 p - a book of the Dragon

   Spells                             Type                      Level
   a - Flame Tongue                   Conjuration/Fire             1
   b - Cause Fear                     Hexes                        4
   c - Bolt of Fire                   Conjuration/Fire             6
   d - Dragon Form                    Transmutation                7
   e - Dragon's Call                  Summoning                    9


   Skills:
 - Level 2.0 Fighting
 + Level 6.1 Staves
 - Level 1.5 Throwing
 - Level 2.4 Dodging


You had 5 spell levels left.
You didn't know any spells.

Dungeon Overview and Level Annotations

Branches:
Dungeon (5/15)
 Temple: D:4-7

Altars:
Makhleb
Ru
Zin

Shops:
D:4 *

Annotations:
D:5 Prince Ribbit


Innate Abilities, Weirdness & Mutations

You do not eat or drink.
Your flesh is vulnerable to fire.
You are immune to poison.
Your flesh is cold resistant. (rC+)
You are immune to negative energy. (rN+++)
You are immune to unholy pain and torment.
You can survive without breathing.


Message History

Prince Ribbit blinks!
You see here a throwing net.
You see here a throwing net.
d - a throwing net Prince Ribbit blinks!
You now have 177 gold pieces (gained 16).
Throwing (i - inventory):
d - a throwing net (quivered)
Press: ? - help, Shift-Dir - straight line, f/p - Prince Ribbit
Aim: Prince Ribbit (heavily wounded)
You throw a throwing net. The throwing net misses Prince Ribbit.
Prince Ribbit croaks regally.
You miss Prince Ribbit.
Prince Ribbit is moderately wounded.
You block Prince Ribbit's attack.
You closely miss Prince Ribbit.
Prince Ribbit is moderately wounded.
Prince Ribbit hits you!
* * * LOW HITPOINT WARNING * * *
Prince Ribbit hits you!
You die...

* *** ,,** *,,**
########
*,*,*******#....@.#
*,**,,,,.....####F#
,**,**,,.##*** #(#
,*,**,,,,,* #.#
*,****,,,** #.# ***
**,** #.# *,* #.#
*,* #.# ##+#* #.#


You could see Prince Ribbit.

Vanquished Creatures
  The ghost of krfreak the Slasher, an amateur FoAK of Lugonu (D:4)
  A howler monkey (D:4)
  An orc wizard (D:2)
  An iguana (D:4)
  Ijyb (D:2)
  A gnoll (D:1)
  5 adders
  6 worms
  2 giant geckos
  4 orcs
  A giant cockroach (D:2)
  8 goblins
  6 hobgoblins
  2 jackals (D:4)
  A quokka (D:4)
  A ball python (D:1)
  8 bats
  A giant gecko skeleton (D:4)
  4 giant newts
  4 kobolds
  7 rats
66 creatures vanquished.

Vanquished Creatures (others)
  A kobold (D:3)
1 creature vanquished.

Grand Total: 67 creatures vanquished

Notes
Turn   | Place    | Note
-------+----------+-------------------------------------------
     0 | D:1      | Grim the Mummy Gladiator began the quest for the Orb.
     0 | D:1      | Reached XP level 1. HP: 16/16 MP: 1/1
   120 | D:1      | Reached skill level 3 in Staves
   120 | D:1      | Reached XP level 2. HP: 20/22 MP: 2/2
  1316 | D:2      | Reached XP level 3. HP: 23/27 MP: 3/3
  1617 | D:2      | Noticed Ijyb
  1644 | D:2      | Killed Ijyb
  1644 | D:2      | Reached skill level 4 in Staves
  1645 | D:2      | Reached XP level 4. HP: 23/33 MP: 4/4
  2919 | D:2      | Reached XP level 5. HP: 27/38 MP: 5/5
  3350 | D:3      | Found a sacrificial altar of Ru.
  3465 | D:3      | Reached skill level 5 in Staves
  3520 | D:4      | Noticed krfreak's ghost (amateur FoAK)
  3549 | D:4      | Killed krfreak's ghost
  3549 | D:4      | Reached XP level 6. HP: 21/44 MP: 6/6
  3782 | D:4      | Found Hecyn's Assorted Antiques.
  3830 | D:4      | Found a burning altar of Makhleb.
  3830 | D:4      | Found a glowing silver altar of Zin.
  3831 | D:4      | Noticed an angel
  3831 | D:4      | Noticed a blizzard demon
  3840 | D:4      | Became a worshipper of Makhleb the Destroyer
  4348 | D:4      | Reached skill level 6 in Staves
  4415 | D:5      | Entered Level 5 of the Dungeon
  4463 | D:5      | Noticed Prince Ribbit
  4498 | D:5      | Slain by Prince Ribbit

Vault maps used:
D:1:      sevenhm_arrival_forest_fort_large_2
D:2:      uniq_iyjb
D:3:      lemuel_coloured_pillars_altar
D:4:      grunt_temple_overflow_order_and_chaos_2, serial_shops, shop
D:5:      kennysheep_mini_moat, first_bread, minmay_misc_feat_hallway,
          kennysheep_another_room, minmay_gold_behind_fungi, water_maze_lemuel,
          uniq_prince_ribbit1

Skill      XL: |  1  2  3  4  5  6 |
---------------+-------------------+-----
Staves         | 3 4 5 6 |  6.1
Fighting       | |  2.0
Throwing       | |  1.5
Dodging        | |  2.4

Action                   |  1- 3 |  4- 6 || total
-------------------------+-------+-------++-------
Melee: Quarterstaff      |    88 |   168 ||   256
Throw: Throwing net      |     1 |     4 ||     5
  Use: Scroll            |       |     9 ||     9
 Stab: Held in net/web   |     1 |       ||     1
       Sleeping          |       |     7 ||     7
Armor: Leather armour    |    23 |    45 ||    68
Dodge: Dodged            |    52 |    94 ||   146
Block: Other             |       |    21 ||    21
       Reflection        |       |     1 ||     1
